Map: Acropolis LE

Players

Strange - Winner!

  • Race: Protoss Protoss
  • League: Master
  • Spawn Location: 11:00

llllllllllll

  • Race: Terran Terran
  • League: Master
  • Spawn Location: 5:00

VOD

Have the link to the VOD?

Description

Time

  • Played on: Oct. 2, 2019, 6:04 p.m.
  • Length: 13:31
Show
View Real Time Build Order
Export as new Build Order

Strange Protoss - Winner!

Build Orders: 1 Gate Expand, Oracle Opening 

Get SALT Encoding   

  12  0:01  Probe  
  13  0:13  Probe  
  14  0:17  Pylon  
  14  0:25  Probe (Chrono Boost)  
  16  0:37  Probe (Chrono Boost)  
  16  0:38  Gateway  
  16  0:42  Probe (Chrono Boost)  
  16  0:45  Assimilator  
  17  0:51  Probe  
  18  1:03  Probe  
  19  1:15  Probe  
  20  1:25  Cybernetics Core  
  20  1:32  Nexus  
  20  1:33  Probe  
  21  1:40  Pylon  
  21  1:45  Probe  
  22  1:48  Assimilator  
  22  1:57  Probe  
  22  1:58  Adept (Chrono Boost)  
  25  2:10  Probe  
  26  2:18  Stargate  
  26  2:22  Probe  
  27  2:23  Stalker (Chrono Boost)  
  29  2:34  Probe  
  30  2:44  Probe  
  30  2:46  Probe, Warp Gate  
  30  2:47  Adept  
  34  2:56  Probe  
  34  2:58  Probe  
  36  3:07  Oracle  
  36  3:08  Probe (Chrono Boost)  
  36  3:10  Probe (Chrono Boost)  
  41  3:17  Pylon  
  41  3:19  Probe (Chrono Boost)  
  43  3:20  Probe (Chrono Boost)  
  43  3:24  Probe (Chrono Boost)  
  43  3:25  Probe (Chrono Boost)  
  45  3:35  Probe  
  45  3:36  Probe  
  47  3:42  Oracle (Chrono Boost)  
  47  3:47  Nexus, Probe  
  51  3:49  Probe  
  51  3:50  Pylon  
  51  3:52  Pylon  
  52  3:59  Probe  
  52  4:01  Probe  
  52  4:11  Probe  
  53  4:17  Gateway  
  53  4:19  Gateway  
  53  4:21  Twilight Council, Probe  
  53  4:23  Assimilator  
  54  4:24  Forge  
  54  4:25  Assimilator  
  54  4:26  Probe  
  55  4:33  Probe  
  55  4:34  Pylon  
  55  4:36  Stalker  
  55  4:37  Blink (Chrono Boost)  
  55  4:38  Probe  
  59  4:45  Probe, Protoss Ground Weapons Level 1 (Chrono Boost)  
  59  4:50  Probe  
  61  4:57  Probe  
  62  5:02  Probe  
  62  5:03  Probe  
  64  5:08  Sentry  
  64  5:09  Shield Battery, Photon Cannon  
  64  5:10  Probe  
  67  5:14  Probe  
  67  5:15  Probe, Gateway  
  67  5:17  Gateway  
  67  5:19  Gateway  
  69  5:24  Robotics Facility  
  69  5:30  Gateway  
  69  5:31  Gateway  
  69  5:33  Pylon  
  69  5:34  Probe x2  
  71  5:36  Sentry  
  71  5:38  Probe, Sentry  
  76  5:44  Pylon  
  76  5:46  Probe  
  76  5:47  Probe  
  78  5:50  Probe  
  78  5:53  Pylon  
  78  5:55  Assimilator  
  79  5:57  Assimilator  
  79  5:58  Probe  
  79  5:59  Probe, Zealot  
  79  6:02  Probe  
  84  6:11  Probe x2  
  86  6:17  Stalker x4  
  86  6:18  Stalker  
  96  6:23  Stalker  
  98  6:26  Observer  
  98  6:31  Forge  
  98  6:32  Pylon  
  99  6:33  Protoss Ground Armor Level 1 (Chrono Boost), Charge (Chrono Boost)  
  99  6:37  Stalker x2  
  103  6:40  Pylon  
  103  6:43  Zealot x3  
  103  6:44  Sentry  
  109  6:51  Pylon  
  109  6:52  Immortal  
  109  7:14  Robotics Facility, Robotics Bay  
  109  7:15  Protoss Ground Weapons Level 2 (Chrono Boost), Zealot x6  
  121  7:21  Zealot x2  
  125  7:24  Shield Battery  
  125  7:25  Photon Cannon  
  109  7:40  Sentry x2  
  109  7:41  Zealot x4  
  115  7:54  Stalker x2  
  115  7:58  Pylon  
  119  7:59  Pylon  
  113  8:08  Nexus  
  113  8:10  Pylon, Stalker x4  
  113  8:11  Stalker  
  121  8:28  Zealot x3, Protoss Ground Armor Level 2 (Chrono Boost)  
  121  8:31  Pylon  
  127  8:39  Colossus x2  
  139  8:45  Pylon  
  139  8:56  Probe x3  
  138  9:08  Probe x3  
  141  9:11  Zealot x6  
  145  9:20  Probe x3  
  146  9:26  Protoss Ground Weapons Level 3 (Chrono Boost)  
  146  9:28  Probe  
  146  9:31  Photon Cannon x2  
  147  9:32  Extended Thermal Lance, Probe  
  147  9:37  Shield Battery  
  148  9:46  Zealot x7  
  136  10:07  Stalker  
  136  10:08  Stalker x7  
  152  10:20  Probe x2  
  154  10:23  Assimilator, Disruptor x2  
  154  10:24  Assimilator  
  160  10:34  Zealot x5  
  160  10:35  Zealot x3  
  176  10:59  Zealot x2  
  176  11:00  Zealot x6  
  154  11:25  Protoss Shields Level 1 (Chrono Boost)  
  150  11:28  Colossus x2 (Chrono Boost)  
  150  11:30  Zealot x8  
  152  11:52  Stalker x8  
  160  11:56  Gateway  
  160  11:59  Dark Shrine  
  160  12:00  Gateway  
  152  12:08  Nexus  
  152  12:10  Pylon  
  152  12:15  Sentry x8  
  168  12:26  Disruptor  
  177  12:47  Zealot x8  
  175  13:01  Pylon  
  175  13:02  Zealot x2  
  175  13:03  Pylon  
  175  13:05  Pylon  
  175  13:10  Stalker x4  
  180  13:18  Pylon  
  180  13:19  Pylon  
  178  13:20  Dark Templar  
  178  13:22  Pylon  
  178  13:26  Pylon  
  167  13:27  Pylon  
Show
View Real Time Build Order
Export as new Build Order

llllllllllll Terran 

Build Orders: Reaper Expand 

Get SALT Encoding   

  12  0:01  SCV  
  13  0:13  SCV  
  14  0:17  Supply Depot  
  14  0:25  SCV  
  15  0:39  SCV  
  15  0:41  Barracks  
  16  0:44  Refinery  
  16  0:51  SCV  
  17  1:03  SCV  
  18  1:15  SCV  
  19  1:29  Orbital Command, Reaper  
  20  1:40  Command Center  
  20  1:49  Supply Depot  
  20  1:55  SCV  
  20  2:00  Bunker  
  21  2:03  Barracks Reactor  
  21  2:07  SCV  
  22  2:14  Engineering Bay  
  22  2:19  SCV  
  23  2:24  Refinery  
  23  2:31  SCV, Barracks  
  24  2:40  Terran Infantry Weapons Level 1  
  24  2:42  Marine  
  24  2:44  Marine  
  25  2:46  SCV  
  27  2:56  Orbital Command  
  27  3:01  SCV  
  27  3:07  Marine  
  27  3:08  Marine  
  27  3:10  Factory  
  29  3:18  SCV  
  29  3:19  Barracks Tech Lab  
  30  3:22  SCV  
  30  3:25  Marine x2  
  32  3:36  SCV  
  32  3:37  SCV  
  34  3:42  Stimpack  
  34  3:43  Marine  
  34  3:47  Barracks  
  34  3:48  SCV  
  36  3:50  Barracks Reactor  
  36  3:52  SCV  
  37  3:59  Armory  
  37  4:00  SCV  
  38  4:05  SCV  
  39  4:10  Missile Turret  
  39  4:16  SCV  
  37  4:19  SCV  
  37  4:20  Marine  
  39  4:25  Missile Turret  
  39  4:28  SCV  
  39  4:29  Factory Reactor  
  39  4:31  SCV  
  41  4:32  Starport, Marine x2  
  45  4:40  SCV, Supply Depot  
  46  4:48  Terran Infantry Weapons Level 2  
  46  4:50  SCV, Refinery  
  46  4:52  Supply Depot  
  45  4:53  SCV  
  46  5:02  SCV  
  46  5:04  Marine x4  
  46  5:06  SCV, Marauder  
  54  5:12  Supply Depot  
  54  5:16  Supply Depot  
  54  5:18  Medivac  
  54  5:20  SCV x2  
  58  5:22  Marine x2  
  58  5:23  Marine  
  58  5:25  Marine  
  62  5:44  Marine x3  
  62  5:45  Medivac, Marauder, Marine  
  62  5:48  SCV  
  62  5:49  SCV  
  72  5:51  Supply Depot x2  
  72  5:52  Combat Shield  
  72  5:55  Widow Mine  
  74  6:02  SCV, Marine x2  
  77  6:12  Medivac  
  77  6:13  Marauder, Marine  
  77  6:14  Supply Depot  
  77  6:15  Supply Depot, Marine  
  83  6:19  SCV, Marine  
  83  6:22  Command Center  
  83  6:23  SCV  
  86  6:35  Marauder, Marine x2  
  86  6:36  Marine  
  86  6:37  Medivac, Marine  
  86  6:38  Widow Mine, Supply Depot  
  96  6:44  Supply Depot  
  96  6:53  Marine x2  
  98  6:57  Marine  
  98  6:58  Marine  
  98  7:01  Marauder, Supply Depot  
  98  7:09  Terran Infantry Weapons Level 3  
  98  7:10  Marine  
  98  7:11  Concussive Shells  
  98  7:14  Marine  
  100  7:15  Marine  
  100  7:16  Barracks x2  
  100  7:17  Widow Mine  
  100  7:18  Barracks  
  100  7:20  SCV  
  100  7:21  SCV  
  105  7:23  Supply Depot  
  105  7:25  Marine  
  105  7:28  Marine  
  105  7:29  Marauder  
  102  7:37  Marine  
  102  7:40  Marine  
  102  7:43  Marine  
  99  7:46  Widow Mine, Marine  
  99  7:48  SCV  
  99  7:50  Marauder  
  99  7:51  SCV  
  106  7:55  Marine  
  106  7:58  Marine  
  108  8:00  SCV  
  108  8:01  Marine  
  108  8:04  Marine  
  105  8:05  Barracks Reactor  
  105  8:07  Barracks Reactor  
  105  8:08  Barracks Reactor  
  105  8:10  SCV  
  105  8:12  Marauder  
  106  8:13  Marine  
  106  8:14  Medivac  
  106  8:16  Marine  
  106  8:18  Marine  
  111  8:25  Marine  
  108  8:30  Orbital Command  
  108  8:31  SCV  
  108  8:33  Marauder  
  111  8:34  Barracks  
  111  8:36  Barracks, Marine x3  
  111  8:43  Marine  
  111  8:44  Marine  
  111  8:45  Marine x3  
  111  8:47  Marine  
  117  8:49  SCV x2  
  117  8:54  Marauder  
  121  8:56  Marine x4  
  124  9:05  Marine  
  124  9:09  Marine x2  
  120  9:10  Marine x2  
  120  9:11  Medivac, Marine  
  120  9:12  Widow Mine  
  120  9:16  Marauder  
  123  9:17  Marine x2  
  123  9:20  Marine x2  
  123  9:21  Medivac  
  123  9:23  SCV  
  126  9:26  Starport  
  126  9:27  Marine x4  
  130  9:31  Marine x2  
  130  9:32  Marine  
  130  9:34  Command Center  
  130  9:37  Marauder, Supply Depot  
  135  9:39  Supply Depot  
  135  9:41  Medivac  
  135  9:42  Marine  
  135  9:44  Marine x4  
  135  9:45  Marine x3  
  141  9:49  Marine x3  
  141  9:50  Marine  
  141  9:51  Medivac  
  147  9:58  Marine  
  130  10:00  Marine  
  130  10:05  Marine x4  
  125  10:09  Factory Tech Lab  
  123  10:16  Marauder  
  123  10:17  Marine x2  
  123  10:18  Viking  
  123  10:20  SCV  
  130  10:22  Starport Reactor  
  130  10:23  Viking  
  130  10:25  SCV  
  130  10:38  Marauder  
  130  10:42  Marine  
  132  10:43  Barracks Tech Lab, Marine x2  
  132  10:44  Barracks Tech Lab  
  132  10:45  SCV x3  
  132  10:47  Marine  
  132  10:48  Marine x4  
  132  10:49  Viking, Command Center, Marine  
  144  10:50  Siege Tank  
  144  10:53  Viking  
  142  10:59  Marauder  
  142  11:00  Marine  
  142  11:03  Marine x2  
  94  11:13  Marine  
  87  11:21  Marauder  
  87  11:22  Siege Tank  
  87  11:24  SCV  
  82  11:29  Terran Infantry Armor Level 1  
  82  11:31  Marine x3  
  82  11:32  Marine x5  
  76  11:37  Orbital Command  
  76  11:38  Marine x2  
  72  11:41  SCV  
  64  11:50  Marine  
  64  11:51  Marine  
  61  11:55  Siege Tank  
  61  11:59  SCV  
  62  12:04  SCV  
  63  12:11  SCV  
  64  12:25  SCV x2  
  64  12:27  Medivac  
  64  12:28  Marine  
  64  12:29  Marine  
  70  12:37  SCV, Marine x3  
  70  12:41  Marine x2  
  70  12:42  Marine  
  78  12:49  SCV  
  76  12:51  Marine  
  69  13:10  Marine x3  
Tags
 
Add a new tag
Caveats
  • Supply blocks, unpowered buildings, or Contaminate may cause inaccurate times.
  • Supply counts are checked every 10 seconds.